Map: Dusk Towers

Players

Stu

  • Race: Terran Terran
  • League: Gold

LilDicky - Winner!

  • Race: Terran Terran
  • League: Diamond

VOD

http://www.twitch.tv/tumescentpie

Description

Time

  • Played on: Jan. 3, 2016, 4:52 p.m.
  • Length: 5:32
Show
View Real Time Build Order
Export as new Build Order

Stu Terran 

Build Orders:  

Get SALT Encoding   

  12  0:00  SCV  
  13  0:13  SCV  
  14  0:18  Supply Depot  
  14  0:25  SCV  
  15  0:40  SCV, Barracks  
  16  0:48  Refinery  
  16  0:52  SCV  
  17  1:04  SCV, Refinery  
  18  1:16  SCV  
  19  1:21  Barracks  
  19  1:31  Reaper  
  19  1:32  SCV  
  21  1:44  SCV  
  22  2:00  Command Center  
  22  2:01  SCV  
  23  2:15  Supply Depot  
  23  2:24  Orbital Command  
  23  2:36  Reaper x2  
  25  2:40  Barracks  
  25  2:54  SCV  
  26  3:06  SCV  
  26  3:08  Factory  
  26  3:09  Engineering Bay  
  26  3:10  Barracks Reactor  
  27  3:15  SCV  
  27  3:19  SCV  
  29  3:20  Reaper  
  30  3:33  SCV x2  
  32  3:34  Refinery  
  32  3:35  Refinery  
  32  3:41  Missile Turret  
  32  3:43  Missile Turret  
  32  3:45  SCV x2  
  34  3:53  Reaper x2  
  34  3:54  Reaper  
  37  4:02  Marine  
  35  4:03  Factory Tech Lab  
  36  4:20  Marine  
  36  4:21  Siege Tank  
  40  4:25  Marine x3  
  43  4:38  Marine  
  44  4:54  Factory  
  41  5:07  Marine x2  
  41  5:13  Marine  
Show
View Real Time Build Order
Export as new Build Order

LilDicky Terran - Winner!

Build Orders: Liberator Opening 

Get SALT Encoding   

  12  0:01  SCV  
  13  0:13  SCV  
  14  0:17  Supply Depot  
  14  0:25  SCV  
  15  0:39  SCV, Refinery  
  16  0:44  Barracks  
  16  0:51  SCV  
  17  1:04  SCV  
  18  1:18  SCV  
  19  1:29  Refinery  
  19  1:32  Marine  
  21  1:34  Supply Depot  
  21  1:36  Orbital Command  
  20  1:45  Factory  
  20  1:49  Marine  
  21  2:04  SCV  
  22  2:12  Marine  
  23  2:16  SCV  
  24  2:23  Supply Depot  
  24  2:28  SCV, Factory Tech Lab  
  25  2:32  Starport, Marine  
  26  2:51  Liberator  
  26  2:52  SCV  
  26  2:55  Supply Depot  
  26  2:56  Siege Tank  
  30  3:02  Engineering Bay  
  30  3:03  Marine  
  30  3:04  SCV  
  35  3:16  SCV  
  36  3:24  Supply Depot, Marine  
  37  3:30  Siege Tank  
  40  3:36  Missile Turret  
  40  3:42  Marine  
  41  3:51  SCV  
  41  3:54  Viking  
  44  4:05  Marine  
  44  4:07  Siege Tank  
  44  4:09  SCV  
  49  4:29  Command Center, SCV  
  50  4:50  SCV  
  50  4:51  Marine  
  52  4:56  Missile Turret  
Tags
 
Add a new tag
Caveats
  • Supply blocks, unpowered buildings, or Contaminate may cause inaccurate times.
  • Supply counts are checked every 10 seconds.